 Dungeon Crawl Stone Soup version 0.32-a0-699-g1ee5eff69a (webtiles) character file.

Game seed: 11544510294260432820

611 BeKind the Chiller (level 7, 0/41 HPs)
             Began as an Octopode Ice Elementalist on Mar 13, 2024.
             Slain by a gnoll bouda
             ... wielding a +0 club
              (6 damage)
             ... on level 5 of the Dungeon.
             The game lasted 00:07:44 (4291 turns).

BeKind the Chiller (Octopode Ice Elementalist)      Turns: 4291, Time: 00:07:45

Health: 0/41       AC:  3    Str:  7    XL:     7   Next: 43%
Magic:  3/12       EV: 13    Int: 20    God:
Gold:   215        SH:  0    Dex: 12    Spells: 5/12 levels left

rFire   . . .        e - +1 trident
rCold   . . .        (no shield)
rNeg    . . .        (helmet restricted)
rPois   .            (no amulet)
rElec   .            g - ring of see invisible
rCorr   .            (no ring)
SInv    +            (no ring)
Will    .....        (no ring)
Stlth   +++          (no ring)
HPRegen 0.26/turn    (no ring)
MPRegen 0.13/turn    (no ring)
                     (no ring)

%: no passive effects
@: weakened, freezing walls
A: almost no armour, amphibious, 8 rings, camouflage 1, gelatinous body 1,
(nimble swimmer 1), tentacles, iridescent scales 1, no potion heal 1
a: no special abilities


You were on level 5 of the Dungeon.
You visited 1 branch of the dungeon, and saw 5 of its levels.

You collected 215 gold pieces.

Inventory:

Hand Weapons
 b - a +2 dagger of venom
 e - a +1 trident (weapon)
 i - a +3 antimagic spear
Missiles
 f - 3 throwing nets
Jewellery
 g - a ring of see invisible (left tentacle)
Wands
 h - a wand of digging (2)
 m - a wand of flame (33)
Scrolls
 c - 2 scrolls of identify
 k - a scroll of poison
Potions
 a - a potion of magic
 d - 2 potions of ambrosia {unknown}
 j - 2 potions of lignification {unknown}
 l - a potion of might {unknown}
 n - a potion of curing {unknown}


   Skills:
 * Level 3.7 Polearms
 + Level 3.7 Dodging
 - Level 3.0 Stealth
 + Level 3.4 Spellcasting
 * Level 3.1 Summonings
 + Level 5.1 Ice Magic


You had 5 spell levels left.
You knew the following spells:

 Your Spells              Type           Power      Damage    Failure   Level
a - Freeze                Ice            92%        1d9       1%          1
b - Summon Ice Beast      Ice/Summ       20%        N/A       8%          3
c - Frozen Ramparts       Ice            46%        1d7       4%          3

Your spell library contained the following spells:

 Spells                   Type           Power      Damage    Failure   Level
 Ozocubu's Armour         Ice            23%        N/A       4%          3
 Hailstorm                Conj/Ice       13%        3d6       14%         3


Dungeon Overview and Level Annotations

Branches:
Dungeon (5/15)
 Temple: D:4-7

Altars:
Trog

Annotations:
D:4 Duvessa


Innate Abilities, Weirdness & Mutations

You cannot wear most types of armour.
You are amphibious.
You can wear up to eight rings at the same time.
Your skin changes colour to match your surroundings (Stealth+).
Your rubbery body absorbs attacks. (AC +1, EV +1)
((You are camouflaged when in or above water. (Stealth+)))
You have tentacles for arms and can constrict up to eight enemies at once.
You are partially covered in iridescent scales. (AC +2)
Potions are less effective at restoring your health.


Message History

You hear a bark!
The gnoll bouda barks out a call to the hunt!
The gnolls pick up the pace!
The gnoll barely misses you.
Your ice beast closely misses the gnoll.
You hit the gnoll. You grab the gnoll.
The gnoll is moderately wounded.
You constrict the gnoll! The gnoll hits you with a +0 club.
The gnoll hits you from afar with a +0 spear.
The gnoll hits you with a +0 club.
Your ice beast hits the gnoll.
The gnoll dies!
Casting: Summon Ice Beast (dangerous; 8% risk of failure)
Confirm with . or Enter, or press ? or * to list all spells.
A chill wind blows around you.
Your ice beast disappears in a puff of smoke!
The gnoll barely misses you. The gnoll closely misses you.
The gnoll hits you with a +0 club.
The gnoll bouda gazes fiercely through you!
You feel your attacks grow feeble.
Casting: Summon Ice Beast (dangerous; 8% risk of failure)
Confirm with . or Enter, or press ? or * to list all spells.
Casting: Frozen Ramparts (dangerous; 4% risk of failure)
Press: ? - help, Dir - look around, f - activate The walls around you are covered in ice.
The gnoll barely misses you.
The wall freezes the gnoll.
The gnoll hits you with a +0 club.
The gnoll hits you from afar with a +0 spear.
The gnoll hits you with a +0 whip!
The wall freezes the gnoll bouda.
Your ice beast barely misses the gnoll.
You closely miss the gnoll. You grab the gnoll. You squeeze the gnoll!
The gnoll is heavily wounded.
You constrict the gnoll!
You kill the gnoll!
The gnoll hits you from afar with a +0 halberd!
* * * LOW HITPOINT WARNING * * *
The wall freezes the gnoll!
You kill the gnoll!
The gnoll misses you.
The gnoll bouda hits you with a +0 club.
You die...

#...).#.....##...#..
#........(## ......
#.....>...# ...#..
#.......).# ...#).
#....!..).###...#
#........!.......
#.......).#######
#.........####
#........ยง@).#
########..)gg.....
#$..Yg.....
#..........
#..........
##.........
##...#...# #########


You could see a gnoll bouda, 2 gnolls and a friendly ice beast (summoned).

Vanquished Creatures
  Edmund (D:5)
  A scorpion (D:4)
  A hound (D:4)
  An orc priest (D:5)
  2 iguanas (D:4)
  Ijyb (D:4)
  5 adders
  4 gnolls
  A shadow imp (D:5)
  3 dart slugs
  2 ribbon worms (D:2)
  2 orcs (D:5)
  4 ball pythons
  6 endoplasms
  5 giant cockroaches
  8 goblins
  10 hobgoblins
  4 quokkas
  5 bats
  3 frilled lizards
  6 kobolds
  6 rats
81 creatures vanquished.

Vanquished Creatures (collateral kills)
  Dowan (D:4)
  An iguana (D:4)
  7 gnolls
  A ribbon worm (D:3)
  An orc (D:5)
  An endoplasm (D:4)
12 creatures vanquished.

Grand Total: 93 creatures vanquished

Notes
Turn   | Place    | Note
-------+----------+-------------------------------------------
     0 | D:1      | BeKind the Octopode Ice Elementalist began the quest for
                  | the Orb.
     0 | D:1      | Reached XP level 1. HP: 11/11 MP: 3/3
    52 | D:1      | Found a faded altar of an unknown god.
   161 | D:1      | Reached XP level 2. HP: 14/17 MP: 5/5
   726 | D:2      | Reached XP level 3. HP: 21/21 MP: 6/6
   730 | D:2      | Learned a level 3 spell: Summon Ice Beast
   791 | D:2      | Reached skill level 1 in Polearms
   807 | D:2      | HP: 1/21 [gnoll/+0 halberd (13)]
  1008 | D:2      | Reached XP level 4. HP: 27/27 MP: 0/7
  1395 | D:2      | Learned a level 3 spell: Frozen Ramparts
  2097 | D:3      | Reached XP level 5. HP: 26/31 MP: 9/9
  2527 | D:3      | Gained mutation: Potions are less effective at restoring
                  | your health. [potion of mutation]
  2527 | D:3      | Gained mutation: You are partially covered in iridescent
                  | scales. (AC +2) [potion of mutation]
  2740 | D:3      | Reached skill level 1 in Summonings
  3046 | D:4      | Found a bloodstained altar of Trog.
  3262 | D:4      | Reached XP level 6. HP: 7/36 MP: 6/10
  3514 | D:4      | Noticed Ijyb
  3526 | D:4      | Killed Ijyb
  3592 | D:4      | Noticed Dowan
  3592 | D:4      | Noticed Duvessa
  3611 | D:4      | Killed Dowan
  3939 | D:5      | Entered Level 5 of the Dungeon
  3952 | D:5      | Reached XP level 7. HP: 28/41 MP: 2/11
  4125 | D:5      | Reached skill level 5 in Ice Magic
  4176 | D:5      | Noticed Edmund
  4188 | D:5      | Killed Edmund
  4291 | D:5      | Slain by a gnoll bouda

Illustrated notes

Levels and vault maps discovered:
D:1:      ldierk_walled_garden_2, layout_loops_cross,
          chequers_ecumenical_altar_simple_redux
D:2:      layout_loops_corners, kennysheep_doodads
D:3:      layout_basic, amethyst_killhole, nicolae_the_louvre
D:4:      kennysheep_the_goblin_king, layout_basic, nicolae_ru_path_of_blood,
          old_standard_altar, minmay_divided_ellipse, uniq_duvessa, uniq_ijyb
D:5:      minmay_spotlight, layout_rooms, uniq_edmund

Skill      XL: |  1  2  3  4  5  6  7 |
---------------+----------------------+-----
Stealth        | 3 |  3.0
Polearms       | 1 2 3 |  3.7
Dodging        | 3 |  3.7
Summonings     | 1 2 3 |  3.1
Spellcasting   | 3 |  3.4
Ice Magic      | 5 |  5.1

Action                     |  1- 3 |  4- 6 |  7- 9 || total
---------------------------+-------+-------+-------++-------
  Melee: Dagger            |    18 |       |       ||    18
         Unarmed           |     5 |       |       ||     5
         Constrict         |     8 |    24 |     4 ||    36
         Tentacles         |     7 |    23 |     3 ||    33
         Trident           |    16 |   118 |    15 ||   149
         Spear             |       |     2 |       ||     2
   Cast: Summon Ice Beast  |     3 |     8 |     4 ||    15
         Freeze            |       |       |     6 ||     6
         Frozen Ramparts   |       |       |     2 ||     2
    Use: Scroll            |       |     5 |       ||     5
         Potion            |       |     3 |       ||     3
   Stab: Sleeping          |     9 |    14 |       ||    23
         Distracted        |       |     1 |       ||     1
 Armour: Skin              |    10 |    36 |    21 ||    67
  Dodge: Dodged            |    20 |    40 |    17 ||    77

Table legend: (Time is in decaauts)
 A = Elapsed time spent in this place.
 B = Non-inter-level travel time spent in this place.
 C = Inter-level travel time spent in this place.
 D = Time resting spent in this place.
 E = Time spent auto-exploring this place.
 F = Levels seen in this place.
 G = Mean time per level.
                   A        B        C        D        E       F      G
               +--------+--------+--------+--------+--------+-----+--------+
         Total |   4318 |   4036 |    282 |    447 |   2908 |   5 |  863.6 |
       Dungeon |   4318 |   4036 |    282 |    447 |   2908 |   5 |  863.6 |
               +--------+--------+--------+--------+--------+-----+--------+

Top non-repeatable levels by time:
     D:3: 1125 daAuts
     D:2: 1071 daAuts
     D:4: 904 daAuts
     D:1: 863 daAuts
     D:5: 353 daAuts
